 Dungeon Crawl Stone Soup version 0.17-a0-2098-gf59d6bc (webtiles) character file.

325 Gruud the Insei (level 6, -5/46 HPs)
             Began as a Demonspawn Transmuter on Oct 17, 2015.
             Slain by an ogre
             ... wielding a +0 giant spiked club
              (12 damage)
             ... on level 4 of the Dungeon.
             The game lasted 00:10:44 (3256 turns).

Gruud the Insei (Demonspawn Transmuter)             Turns: 3256, Time: 00:10:45

Health: -5/46      AC:  4    Str: 10    XL:     6   Next: 24%
Magic:  0/9        EV: 14    Int: 14    God:
Gold:   179        SH:  0    Dex: 18    Spells: 2 memorised, 6 levels left

rFire  . . .     SeeInvis .       - Unarmed
rCold  . . .     Clarity  .     b - +0 robe
rNeg   . . .     SustAt   .     (no shield)
rPois  .         Gourm    .     (no helmet)
rElec  .         Spirit   +     q - +0 cloak
rCorr  .         Warding  .     (no gloves)
rMut   .         Stasis   .     (no boots)
MR     .....                    (no amulet)
Stlth  ++........               (no ring)
                                (no ring)

@: very slightly contaminated, not resistant to hostile enchantments, unstealthy
A: claws 1, icy blue scales 1, agile 1, regeneration 1, magic shield
a: no special abilities


You were on level 4 of the Dungeon.
You were not hungry.

You visited 1 branch of the dungeon, and saw 4 of its levels.

You collected 179 gold pieces.

Inventory:

Missiles
 a - 35 arrows
Armour
 b - a +0 robe (worn)
 q - a +0 cloak (worn)
Magical Staves
 r - an uncursed staff of cold
Scrolls
 h - 3 scrolls of identify
 i - 2 scrolls of remove curse
 j - a scroll of fog {unknown}
 l - a scroll of enchant armour {unknown}
 t - a scroll of amnesia {unknown}
Potions
 e - a potion of flight {unknown}
 f - a potion of lignification {unknown}
 k - a potion of haste {unknown}
 m - a potion of cure mutation {unknown}
 n - a potion of resistance {unknown}
Books
 c - a book of Changes

   Spells                             Type                      Level
   a - Beastly Appendage              Transmutation                1
   b - Sticks to Snakes               Transmutation                2
   c - Spider Form                    Transmutation/Poison         3
   d - Ice Form                       Ice/Transmutation            4
   e - Blade Hands                    Transmutation                5
Comestibles
 d - 3 bread rations
 g - 4 meat rations
 o - 2 slices of pizza
 p - 7 fruits
 s - 2 chunks of flesh


   Skills:
 + Level 2.6 Fighting
 + Level 3.0 Dodging
 * Level 5.1 Unarmed Combat
 - Level 2.0 Spellcasting
 - Level 2.4 Transmutations


You had 6 spell levels left.
You knew the following spells:

 Your Spells              Type           Power        Failure   Level  Hunger
a - Beastly Appendage     Trmt           #.....       12%         1    ##.....
b - Sticks to Snakes      Trmt           #.........   17%         2    ###....


Dungeon Overview and Level Annotations

Branches:
Dungeon (4/15)
 Temple: D:4-7

Altars:
Fedhas

Annotations:
D:3 Aelig's ghost, amateur HESk


Innate Abilities, Weirdness & Mutations

You have sharp fingernails.
You are partially covered in icy blue scales (AC +1).
When hurt, damage is shared between your health and your magic reserves.
You are agile. (Dex +2)
Your natural rate of healing is unusually fast.


Message History

You scratch the ogre but do no damage.
The ogre is moderately wounded.
Your ball python bites the ogre but does no damage.
You scratch the ogre but do no damage.
The ogre is moderately wounded.
Your ball python barely misses the ogre.
The ogre hits you with a giant spiked club!!
You scratch the ogre.
The ogre is heavily wounded.
Your ball python bites the ogre.
The ogre hits you with a giant spiked club!
* * * LOW HITPOINT WARNING * * *
You claw the ogre!
The ogre is severely wounded.
Your ball python bites the ogre.
You barely miss the ogre.
The ogre is severely wounded.
Your ball python closely misses the ogre.
The ogre hits you with a giant spiked club!
You die...

..........#.#
#...#.#.#.### ##.##
###.####...##
##........######### #.#
##.#.###.#...#.#..........
#.#
#.##.#..#.......#########
#.#####.###.#.#..##.### #
#.............#..##.# #
######..####..#..##.# #
#..####.S#..##.# #
#.......O@.....# #
#..#####.##.#### #
#.......#...#
########..#####.####
..........#####.#
#########.......#
#######.###############
#.......>.......#
#.#####.###.###.#


You could see an ogre and a friendly ball python.

Vanquished Creatures
  An eye of draining (D:4)
  2 hounds (D:4)
  Terence (D:2)
  3 adders
  An ooze (D:2)
  A worm (D:2)
  2 giant geckos
  An orc (D:4)
  5 giant cockroaches
  3 goblins
  7 hobgoblins
  3 jackals (D:1)
  10 kobolds
  7 bats
  3 giant newts
  8 rats
58 creatures vanquished.

Vanquished Creatures (collateral kills)
  An iguana (D:4)
  An orc wizard (D:4)
  An ooze (D:2)
  A worm (D:2)
  An orc (D:4)
  A giant cockroach (D:1)
  A hobgoblin (D:2)
  A jackal (D:1)
  A kobold (D:1)
  A goblin (D:2)
  2 rats
12 creatures vanquished.

Grand Total: 70 creatures vanquished

Notes
Turn   | Place    | Note
--------------------------------------------------------------
     0 | D:1      | Gruud the Demonspawn Transmuter began the quest for the Orb.
     0 | D:1      | Reached XP level 1. HP: 15/15 MP: 3/3
   264 | D:1      | Reached skill level 3 in Unarmed Combat
   264 | D:1      | Gained mutation: When hurt, damage is shared between your health and your magic reserves. [demonic ancestry]
   264 | D:1      | Reached XP level 2. HP: 11/21 MP: 3/5
   276 | D:1      | Learned a level 2 spell: Sticks to Snakes
  1290 | D:1      | Gained mutation: You have sharp fingernails. [demonic ancestry]
  1290 | D:1      | Reached XP level 3. HP: 14/26 MP: 3/6
  1716 | D:2      | Noticed Terence
  1735 | D:2      | Killed Terence
  1929 | D:2      | Reached XP level 4. HP: 27/32 MP: 2/7
  1934 | D:2      | Gained mutation: You are agile. (Dex +2) [potion of mutation]
  1934 | D:2      | Gained mutation: Your natural rate of healing is unusually fast. [potion of mutation]
  2451 | D:3      | Noticed Aelig's ghost (amateur HESk)
  2631 | D:3      | Found a blossoming altar of Fedhas.
  2643 | D:4      | Noticed an eye of draining
  2680 | D:4      | Reached skill level 4 in Unarmed Combat
  2719 | D:4      | Killed an eye of draining
  2719 | D:4      | Gained mutation: You are partially covered in icy blue scales (AC +1). [demonic ancestry]
  2719 | D:4      | Reached XP level 5. HP: 37/39 MP: 1/8
  2953 | D:4      | Reached XP level 6. HP: 36/46 MP: 5/9
  3110 | D:4      | Reached skill level 5 in Unarmed Combat
  3243 | D:4      | Noticed an ogre
  3256 | D:4      | Slain by an ogre

Vault maps used:
D:1:      onia_arrival_larder, minmay_misc_feat_four_crosses
D:2:      uniq_terence
D:3:      lemuel_upstairs_altar, uniq_jessica
D:4:      first_bread

Action                   |  1- 3 |  4- 6 || total
-------------------------+-------+-------++-------
Melee: Unarmed           |   164 |   118 ||   282
 Cast: Beastly Appendage |    14 |     4 ||    18
       Sticks to Snakes  |     7 |    12 ||    19
  Use: Scroll            |       |     2 ||     2
       Potion            |       |     1 ||     1
 Stab: Sleeping          |     3 |     2 ||     5
       Distracted        |       |     1 ||     1
  Eat: Chunk             |     4 |     6 ||    10
